 Dungeon Crawl Stone Soup version 0.30-a0-364-gf6b3ef1049 (webtiles) character file.

Game seed: 4828335281460602423

3967 purpskrrrp the Skirmisher (level 10, -2/60 HPs)
             Began as a Formicid Hunter on Nov 14, 2022.
             Was a Follower of Hepliaklqana.
             Slain by a hellwing (4 damage)
             ... summoned by an obsidian statue
             ... on level 11 of the Dungeon.
             The game lasted 00:30:48 (8390 turns).

purpskrrrp the Skirmisher (Formicid Hunter)         Turns: 8390, Time: 00:30:48

Health: -2/60      AC: 12    Str: 17    XL:     10   Next: 45%
Magic:  0/10       EV: 16    Int: 10    God:    Hepliaklqana [*.....]
Gold:   445        SH:  0    Dex: 21    Spells: 9/9 levels left

rFire   . . .      SeeInvis +    a - +0 shortbow
rCold   . . .      Faith    .    (no shield)
rNeg    + . .      Spirit   +    G - +1 leather armour of Tulips {rElec rPois Str+2}
rPois   +          Reflect  .    (helmet unavailable)
rElec   +          Harm     .    l - +1 cloak {Stlth+}
rCorr   .          Rampage  .    y - +0 pair of gloves
Will    ++...                    p - +1 pair of boots
Stlth   +++.......               H - amulet of guardian spirit
HPRegen 0.30/turn                h - +4 ring of evasion
MPRegen 0.12/turn                F - ring of positive energy

@: confused, ambrosia-drunk, spiked, studying Polearms
A: reduced essence, permanent stasis, dig shafts and tunnels, antennae 3, four
strong arms, iridescent scales 1, strong-willed 1
a: Dig, Shaft Self, Renounce Religion, Recall Ancestor, Ancestor Identity


You were on level 11 of the Dungeon.
You worshipped Hepliaklqana.
Hepliaklqana was aware of your devotion.
You visited 2 branches of the dungeon, and saw 11 of its levels.
You also visited: Sewer.

You collected 445 gold pieces.

Inventory:

Hand Weapons
 a - a +0 shortbow (weapon)
 m - a +2 quarterstaff of chaos
Missiles
 q - 2 throwing nets (quivered)
Armour
 b - the +2 robe "Gyreg" {+Blink rF++}
   (You found it on level 4 of the Dungeon)

   rF:        It greatly protects you from fire.
   +Blink:    It lets you blink.
 c - a +0 leather armour
 g - a scarf of repulsion
 j - a +0 pair of boots
 l - a +1 cloak of stealth (worn)
 p - a +1 pair of boots (worn)
 r - a +0 chain mail
 s - a +0 scale mail
 y - a +0 pair of gloves (worn)
 G - the +1 leather armour of Tulips (worn) {rElec rPois Str+2}
   (You found it on level 6 of the Dungeon)

   Str:       It affects your strength (+2).
   rElec:     It insulates you from electricity.
   rPois:     It protects you from poison.
Jewellery
 h - a +4 ring of evasion (left hand)
 n - a +6 ring of intelligence
 t - a ring of positive energy
 F - a ring of positive energy (right hand)
 H - an amulet of guardian spirit (around neck)
Wands
 k - a wand of flame (22)
 w - a wand of roots (3)
 I - a wand of paralysis (3)
Scrolls
 e - a scroll of enchant weapon
 B - a scroll of fog
 D - a scroll of acquirement {unknown}
Potions
 d - 3 potions of lignification
 f - 2 potions of degeneration
 i - a potion of magic
 o - 3 potions of resistance
 v - a potion of curing
 x - a potion of haste {unknown}
 z - 2 potions of might
 A - a potion of berserk rage {unknown}
 C - 2 potions of brilliance
 E - 3 potions of flight


   Skills:
 - Level 2.1 Fighting
 * Level 11.6 Ranged Weapons
 + Level 7.1 Armour
 - Level 1.7 Dodging
 + Level 9.1 Stealth


You had 9 spell levels left.
You didn't know any spells.
Your spell library contained the following spells:

 Spells                   Type           Power      Damage    Failure   Level
 Apportation              Tloc           0%         N/A       41%         1
 Foxfire                  Conj/Fire      0%         2x1d4     41%         1
 Kiss of Death            Conj/Necr      0%         2d5       41%         1
 Magic Dart               Conj           0%         1d3       41%         1
 Necrotise                Necr           0%         1d4       41%         1
 Summon Small Mammal      Summ           0%         N/A       41%         1
 Call Imp                 Summ           0%         N/A       54%         2
 Cigotuvi's Dreadful Rot  Necr/Pois/Air  0%         N/A       54%         2
 Ensorcelled Hibernation  Hex/Ice        0%         N/A       54%         2
 Momentum Strike          Conj/Tloc      0%         3d8       54%         2
 Passwall                 Tmut/Erth      0%         N/A       54%         2
 Confusing Touch          Hex            0%         N/A       78%         3
 Lesser Beckoning         Tloc           0%         N/A       78%         3
 Mephitic Cloud           Conj/Pois/Air  0%         N/A       78%         3
 Dispel Undead            Necr           0%         3d6       99%         4
 Fireball                 Conj/Fire      0%         3d3       100%        5
 Death Channel            Necr           0%         N/A       100%        6
 Starburst                Conj/Fire      0%         6d3       100%        6
 Blink                    Tloc           Unusable   N/A       N/A         2
 Swiftness                Air            Unusable   N/A       N/A         3

Dungeon Overview and Level Annotations

Branches:
Dungeon (11/15)            Temple (1/1) D:4           Sewer (visited)
   Lair: D:8-11         Orc: D:9-12

Altars:
Ashenzari
Elyvilon
Fedhas
Hepliaklqana
Kikubaaqudgha
Makhleb
Nemelex Xobeh
Okawaru
Qazlal
Ru
Sif Muna
Trog
Uskayaw
Vehumet
Wu Jian
Xom
Yredelemnul
The Shining One

Annotations:
D:5 1 runed translucent door, Darkkill's ghost, amateur MiMo
D:11 exclusion: obsidian statue


Innate Abilities, Weirdness & Mutations

Your life essence is reduced to manifest your ancestor. (-10% HP)
You cannot be hasted, slowed, berserked, paralysed or teleported.
You can dig through walls and to a lower floor.
You have a pair of large antennae on your head. (SInv)
Your four strong arms can wield two-handed weapons with a shield.
You are partially covered in iridescent scales. (AC +2)
You are strong-willed. (Will+)


Message History

You are too injured to fight recklessly!
You are too injured to fight recklessly!
You are too injured to fight recklessly!
You are too injured to fight recklessly!
You are too injured to fight recklessly!
You are too injured to fight recklessly!
You are too injured to fight recklessly!
You are too injured to fight recklessly!
You are too injured to fight recklessly!
You are too injured to fight recklessly!
You are too injured to fight recklessly!
The hellwing hits you!
* * * LOW HITPOINT WARNING * * *
The hellwing hits you but does no damage.
Tiberius hits the hellwing but does no damage.
You are confused.
You feel invigorated.
The red devil hits you from afar with a +0 trident.
* * * LOW HITPOINT WARNING * * *
Barbed spikes become lodged in your body.
The white imp gestures at you. The puff of frost hits you!
* * * LOW HITPOINT WARNING * * *
The hellwing closely misses you. The hellwing barely misses you.
Tiberius hits the hellwing but does no damage.
The barbs in your skin will harm you if you move.
Continue? [Y]es or [N]o only, please.
The barbs in your skin will harm you if you move.
Continue? [Y]es or [N]o only, please.
The barbs in your skin will harm you if you move.
Continue?
Okay, then.
You are too injured to fight recklessly!
You shoot an arrow.
The arrow hits the hellwing but does no damage.
The hellwing is heavily wounded.
The red devil hits you from afar with a +0 trident!!
* * * LOW HITPOINT WARNING * * *
Barbed spikes become lodged in your body.
The hellwing closely misses you. The hellwing hits you.
You die...

#................
###............)...
#####...#..........†... #
#...................... ..
#......................
...###...........#..........
.....####.....>.........†...
........#...................
........345@................
.........5.4................
..........R.................
........5...................
8?..........................
........#...................
..................###.......
..................###.......
..................##........


You could see the friendly Tiberius the ancestor, a hellwing (summoned, ally
target), a neqoxec (summoned), a red devil (summoned), an iron imp (summoned), a
crimson imp (summoned) and a white imp (summoned).

Vanquished Creatures
  Pikel (D:4)
  Prince Ribbit (D:7)
  A shadow (D:11)
  2 yaks (D:11)
  2 water moccasins (D:7)
  Duvessa (D:4)
  2 black bears
  An orc warrior (D:6)
  A centaur (D:11)
  3 lemures
  2 phantoms
  A kobold brigand (D:7)
  4 bullfrogs
  4 scorpions
  A necrophage (D:6)
  Dowan (D:4)
  4 wights (D:7)
  5 killer bees (D:7)
  2 jellies
  A howler monkey (D:6)
  3 hounds (D:6)
  6 orc priests
  Crazy Yiuf (D:2)
  Jessica (D:2)
  Ijyb (D:3)
  2 iguanas
  An orc wizard (D:4)
  7 adders
  2 shadow imps
  2 white imps
  A worm (D:4)
  A dart slug (D:2)
  16 orcs
  5 endoplasms
  13 giant cockroaches
  7 goblins
  5 hobgoblins
  5 jackals
  12 kobolds
  11 quokkas
  10 ball pythons
  5 bats
  11 frilled lizards
  6 rats (D:1)
  A toadstool (D:1)
175 creatures vanquished.

Vanquished Creatures (collateral kills)
  A shadow (D:11)
  A yak (D:11)
2 creatures vanquished.

Vanquished Creatures (others)
  An ancestor (D:11)
  3 toadstools (D:1)
4 creatures vanquished.

Grand Total: 181 creatures vanquished

Notes
Turn   | Place    | Note
-------+----------+-------------------------------------------
     0 | D:1      | purpskrrrp the Formicid Hunter began the quest for the Orb.
     0 | D:1      | Reached XP level 1. HP: 16/16 MP: 1/1
    91 | D:1      | Reached XP level 2. HP: 22/22 MP: 2/2
   484 | D:1      | Reached XP level 3. HP: 27/27 MP: 3/3
   912 | D:2      | Reached skill level 5 in Ranged Weapons
   945 | D:2      | Noticed Jessica
   946 | D:2      | Killed Jessica
   947 | D:2      | Reached XP level 4. HP: 33/33 MP: 4/4
  1591 | D:2      | Found a runed translucent door.
  1592 | D:2      | Noticed Crazy Yiuf
  1662 | D:2      | Killed Crazy Yiuf
  1663 | D:2      | Reached skill level 6 in Ranged Weapons
  1663 | D:2      | Reached XP level 5. HP: 38/38 MP: 5/5
  1897 | D:3      | Found a glowing drain.
  1912 | Sewer    | Entered a sewer
  2168 | Sewer    | Noticed a bullfrog
  2174 | Sewer    | Killed a bullfrog
  2175 | Sewer    | Reached XP level 6. HP: 36/44 MP: 6/6
  2243 | Sewer    | Gained mutation: Armour fits poorly on your strangely
                  | shaped body. [potion of mutation]
  2243 | Sewer    | Lost mutation: Armour fits poorly on your strangely shaped
                  | body. [potion of mutation]
  2243 | Sewer    | Gained mutation: You occasionally lose the ability to drink
                  | potions when taking damage. [potion of mutation]
  2243 | Sewer    | Gained mutation: You are strong-willed. (Will+) [potion of
                  | mutation]
  2524 | D:3      | Noticed Ijyb
  2541 | D:3      | You fall into a shaft and drop 3 floors!
  2767 | D:6      | Noticed a black bear
  2785 | D:6      | Reached skill level 7 in Ranged Weapons
  2785 | D:6      | Reached skill level 1 in Armour
  2785 | D:6      | Killed a black bear
  2786 | D:6      | Reached XP level 7. HP: 42/50 MP: 7/7
  2842 | D:5      | Entered Level 5 of the Dungeon
  3310 | D:3      | Killed Ijyb
  3566 | D:4      | Reached skill level 8 in Ranged Weapons
  3566 | D:4      | Reached XP level 8. HP: 56/56 MP: 8/8
  3598 | D:4      | Reached skill level 5 in Stealth
  3629 | D:4      | Found a staircase to the Ecumenical Temple.
  3731 | D:4      | Identified the +2 robe "Gyreg" {+Blink rF++}
  3837 | D:4      | Noticed Dowan
  3839 | D:4      | Noticed Duvessa
  3853 | D:4      | Killed Duvessa
  3871 | D:4      | Killed Dowan
  4439 | Temple   | Entered the Ecumenical Temple
  4644 | Temple   | Became a worshipper of Hepliaklqana the Forgotten
  4700 | D:5      | Noticed Pikel
  4718 | D:4      | Killed Pikel
  4719 | D:4      | Reached skill level 9 in Ranged Weapons
  4719 | D:4      | Reached XP level 9. HP: 27/61 MP: 9/9
  4867 | D:4      | HP: 1/61 [lemure[Pikel] (4)]
  5192 | D:5      | Found a runed translucent door.
  5192 | D:5      | Noticed Darkkill's ghost (amateur MiMo)
  5224 | D:5      | Found a white marble altar of Elyvilon.
  5382 | D:5      | Reached skill level 5 in Armour
  6077 | D:6      | Lost mutation: You occasionally lose the ability to drink
                  | potions when taking damage. [potion of mutation]
  6077 | D:6      | Lost mutation: You are strong-willed. (Will+) [potion of
                  | mutation]
  6077 | D:6      | Gained mutation: You are strong-willed. (Will+) [potion of
                  | mutation]
  6077 | D:6      | Gained mutation: You are partially covered in iridescent
                  | scales. (AC +2) [potion of mutation]
  6109 | D:6      | Reached skill level 10 in Ranged Weapons
  6525 | D:6      | Identified the +1 leather armour of Tulips {rElec rPois
                  | Str+2}
  6780 | D:7      | Found a stormy altar of Qazlal.
  7696 | D:7      | Reached XP level 10. HP: 41/67 MP: 7/10
  8088 | D:7      | Noticed Prince Ribbit
  8102 | D:7      | Killed Prince Ribbit
  8103 | D:7      | Reached skill level 11 in Ranged Weapons
  8114 | D:7      | You fall into a shaft and drop 2 floors!
  8161 | D:9      | Noticed a kobold demonologist
  8162 | D:9      | Noticed a kobold demonologist
  8164 | D:9      | Noticed a kobold demonologist
  8165 | D:9      | You fall into a shaft and drop 2 floors!
  8165 | D:11     | Reached * piety under Hepliaklqana
  8304 | D:10     | Entered Level 10 of the Dungeon
  8313 | D:10     | Noticed a death yak
  8371 | D:11     | Noticed an obsidian statue
  8390 | D:11     | HP: 2/60 [red devil/+0 trident[an obsidian statue] (13)]
  8390 | D:11     | Slain by a hellwing

Illustrated notes

Levels and vault maps discovered:
D:1:      ldierk_water_garden, layout_basic, st_stairs_4,
          minmay_misc_feat_nine_boxes, minmay_misc_feat_pillars, minivault_25
D:2:      layout_loops_ring, uniq_crazy_yiuf_cottage, uniq_jessica
D:3:      layout_loops_ring, gup_sewer_entry_pipe, serial_bayou_lagoon_b,
          uniq_ijyb
D:4:      layout_basic, minmay_temple_entry_mini_moons,
          kennysheep_generic_room_12, uniq_duvessa
D:5:      layout_rooms, nicolae_elyvilon_peaceful_grove, gammafunk_ghost_grave,
          roderic_serpentine_path, chequers_serial_rivers_micro_a, uniq_pikel
D:6:      layout_loops_ring, amcnicky_mini_pool_small
D:7:      layout_basic, nicolae_qazlal_general_emergency, interstate_on_off,
          minmay_door_square, grunt_ministairs_1, kennysheep_small_circle,
          uniq_prince_ribbit1
D:9:      layout_stronghold, grunt_dithmenos_smoke_and_mirrors
D:10:     layout_stronghold, pdpol_temple_overflow_zin_treasury_gozag_greed,
          mainiacjoe_overflow_brackets, dpeg_lair_monsters, orc_0_dummy
D:11:     layout_cross, minivault_16
Temple:   nicolae_temple_superstar

Skill      XL: |  1  2  3  4  5  6  7  8  9 10 |
---------------+-------------------------------+-----
Ranged Weapons | 5 6 7 8 9 10 11 | 11.6
Stealth        | 2 3 4 6 8 9 |  9.1
Armour         | 1 3 4 6 7 |  7.1
Fighting       | |  2.1
Dodging        | |  1.7

Action                   |  1- 3 |  4- 6 |  7- 9 | 10-12 || total
-------------------------+-------+-------+-------+-------++-------
 Fire: Shortbow          |    65 |   153 |   417 |   103 ||   738
Throw: Throwing net      |       |       |     1 |       ||     1
 Abil: Dig               |       |     2 |       |       ||     2
       Shaft Self        |       |     1 |       |     1 ||     2
  Use: Scroll            |     4 |     1 |     9 |     1 ||    15
       Potion            |       |     5 |     4 |     1 ||    10
Armor: Leather armour    |    10 |    19 |    21 |    31 ||    81
       Skin              |       |     4 |       |       ||     4
       Robe              |       |       |    35 |       ||    35
Dodge: Dodged            |    29 |    47 |   170 |    97 ||   343

Table legend: (Time is in decaauts)
 A = Elapsed time spent in this place.
 B = Non-inter-level travel time spent in this place.
 C = Inter-level travel time spent in this place.
 D = Time resting spent in this place.
 E = Time spent auto-exploring this place.
 F = Levels seen in this place.
 G = Mean time per level.
                   A        B        C        D        E       F      G
               +--------+--------+--------+--------+--------+-----+--------+
         Total |   8538 |   8149 |    389 |   1592 |   4258 |  12 |  711.5 |
       Dungeon |   7916 |   7527 |    389 |   1592 |   4094 |  10 |  791.6 |
        Temple |    216 |    216 |      0 |      0 |     73 |   1 |  216.0 |
         Sewer |    405 |    405 |      0 |      0 |     91 |   1 |  405.0 |
               +--------+--------+--------+--------+--------+-----+--------+

Top non-repeatable levels by time:
     D:4: 1479 daAuts
     D:7: 1447 daAuts
     D:6: 1076 daAuts
     D:5: 971 daAuts
     D:1: 917 daAuts
     D:3: 879 daAuts
     D:2: 869 daAuts
   Sewer: 405 daAuts
  Temple: 216 daAuts
    D:11: 208 daAuts
     D:9: 50 daAuts
    D:10: 14 daAuts
